 Dungeon Crawl Stone Soup version 0.30.1-11-g7821555f0a (webtiles) character file.

Game seed: 15120709644259817198

25569 anacleto the Marksspriggan (level 12, -9/58 HPs)
             Began as a Spriggan Hunter on Dec 10, 2023.
             Was an Elder of Dithmenos.
             Mangled by an orc warlord
             ... wielding a +0 halberd
              (10 damage)
             ... on level 1 of the Orcish Mines.
             The game lasted 00:50:56 (13334 turns).

anacleto the Marksspriggan (Spriggan Hunter)       Turns: 13334, Time: 00:50:57

Health: -9/58      AC: 13    Str:  7    XL:     12   Next: 90%
Magic:  15/15      EV: 24    Int: 10    God:    Dithmenos [****..]
Gold:   202        SH:  0    Dex: 24    Spells: 11/11 levels left

rFire   . . .        a - +2 shortbow (heavy)
rCold   . . .        (shield currently unavailable)
rNeg    . . .        c - +3 steam dragon scales
rPois   .            (helmet restricted)
rElec   .            y - +0 cloak
rCorr   .            (gloves unavailable)
SInv    +            (boots unavailable)
Will    ++...        (no amulet)
Stlth   ++++++++     F - +4 ring of protection
HPRegen 0.29/turn    (no ring)
MPRegen 0.14/turn

%: no passive effects
@: lethally poisoned (-9 -> -41), wreathed by umbra, invisible, very quick
A: very small, no large weapons, unfitting armour, see invisible, speed 3
a: Renounce Religion, Shadow Step


You were on level 1 of the Orcish Mines.
You worshipped Dithmenos.
Dithmenos was greatly pleased with you.
You visited 3 branches of the dungeon, and saw 14 of its levels.
You also visited: Bailey.

You collected 802 gold pieces.
You spent 600 gold pieces at shops.

Inventory:

Hand Weapons
 a - a +2 heavy shortbow (weapon)
 b - the +7 war axe "Laocla" {venom, rC+ Int+3}
   (You found it in a bailey)

   Int:       It affects your intelligence (+3).
   rC:        It protects you from cold.
Missiles
 M - 3 throwing nets
Armour
 c - +3 steam dragon scales (worn)
 y - a +0 cloak (worn)
Jewellery
 u - an amulet of faith
 D - a ring of resist corrosion
 F - a +4 ring of protection (left hand)
Wands
 x - a wand of mindburst (21)
 C - a wand of charming (4)
 E - a wand of roots (6)
Scrolls
 f - 4 scrolls of teleportation
 l - a scroll of vulnerability {unknown}
 n - 2 scrolls of torment
 o - 2 scrolls of silence {unknown}
 p - 2 scrolls of amnesia {unknown}
 q - 5 scrolls of blinking
 r - 2 scrolls of magic mapping {unknown}
 t - 2 scrolls of poison {unknown}
 v - a scroll of noise {unknown}
 w - a scroll of immolation
 G - 2 scrolls of fog {unknown}
 J - 8 scrolls of fear {unknown}
Potions
 d - 4 potions of brilliance
 e - a potion of lignification {unknown}
 g - a potion of resistance {unknown}
 h - 5 potions of curing
 i - a potion of invisibility
 j - 2 potions of magic {unknown}
 k - 2 potions of attraction {unknown}
 m - 4 potions of heal wounds {unknown}
 s - a potion of ambrosia {unknown}
 z - 2 potions of might {unknown}
 A - a potion of cancellation {unknown}
 B - 2 potions of haste {unknown}
 H - a potion of degeneration {unknown}
 K - a potion of mutation {unknown}
Miscellaneous
 I - a lightning rod (1/4)
 N - a condenser vane (inert)


   Skills:
 + Level 4.6 Fighting
 * Level 18.1 Ranged Weapons
 + Level 7.4 Dodging
 + Level 12.4 Stealth
 + Level 2.8 Invocations


You had 11 spell levels left.
You didn't know any spells.
Your spell library contained the following spells:

 Spells                   Type           Power      Damage    Failure   Level
 Poisonous Vapours        Pois/Air       0%         N/A       50%         2
 Sublimation of Blood     Necr           0%         N/A       50%         2
 Mephitic Cloud           Conj/Pois/Air  0%         N/A       75%         3
 Ozocubu's Armour         Ice            0%         N/A       75%         3
 Animate Dead             Necr           0%         N/A       98%         4
 Petrify                  Tmut/Erth      0%         N/A       98%         4
 Freezing Cloud           Conj/Ice/Air   0%         6-21      100%        5
 Irradiate                Conj/Tmut      0%         3d11      100%        5
 Metabolic Englaciation   Hex/Ice        0%         N/A       100%        5
 Simulacrum               Ice/Necr       0%         N/A       100%        6
 Haunt                    Necr/Summ      0%         N/A       100%        7
 Infestation              Necr           0%         N/A       100%        8


Dungeon Overview and Level Annotations

Branches:
Dungeon (11/15)            Temple (1/1) D:6            Lair (0/5) D:10
    Orc (2/2) D:9          Bailey (visited)
    Elf: Orc:2

Altars:
Ashenzari
Cheibriados
Dithmenos
Elyvilon
Fedhas
Gozag
Hepliaklqana
Kikubaaqudgha
Makhleb
Nemelex Xobeh
Okawaru
Qazlal
Ru
Sif Muna
Trog
Uskayaw
Vehumet
Wu Jian
Xom
Yredelemnul
Zin
The Shining One

Shops:
D:1 ?   D:5 :   Orc:1 [   Orc:2 [

Annotations:
D:3 2 transporters, chicagocrazy's ghost, amateur KoBr
D:7 3 runed translucent doors, middlethird's ghost, novice VSEE


Innate Abilities, Weirdness & Mutations

You are very small and have problems with some larger weapons.
You are too small for most types of armour.
You have supernaturally acute eyesight. (SInv)
You cover ground extremely quickly. (Speed+++)


Message History

You shoot an arrow. The arrow hits the orc warlord!
The orc warlord is moderately wounded.
Your shadow shoots an arrow.
The arrow hits the orc warlord.
Fire: a) +2 shortbow (heavy)
Press: ? - help, Q - select action, (/) - cycle Shift-Dir - straight line, f/p - orc warlord
Aim: an orc warlord, wielding a +0 halberd and wearing a +0 plate armour (moderately wounded, wandering, unable to see you, hasn't noticed you, 81% to hit)
You shoot an arrow. The arrow barely misses the orc knight.
The arrow barely misses the orc warlord.
Fire: a) +2 shortbow (heavy)
Press: ? - help, Q - select action, (/) - cycle Shift-Dir - straight line, f/p - orc warlord
Aim: an orc warlord, wielding a +0 halberd and wearing a +0 plate armour (moderately wounded, wandering, unable to see you, hasn't noticed you, umbra, 81% to hit)
You shoot an arrow.
The arrow barely misses the orc warlord.
Your shadow shoots an arrow.
The arrow hits the orc warlord but does no damage.
Fire: a) +2 shortbow (heavy)
Press: ? - help, Q - select action, (/) - cycle Shift-Dir - straight line, f/p - orc warlord
Aim: an orc warlord, wielding a +0 halberd and wearing a +0 plate armour (moderately wounded, wandering, unable to see you, hasn't noticed you, umbra, 81% to hit)
You shoot an arrow. The arrow hits the orc warlord!
The orc warlord is moderately wounded.
The orc knight hits you but does no damage.
Fire: a) +2 shortbow (heavy)
Press: ? - help, Q - select action, (/) - cycle Shift-Dir - straight line, f/p - orc warlord
Aim: an orc warlord, wielding a +0 halberd and wearing a +0 plate armour (moderately wounded, wandering, unable to see you, hasn't noticed you, umbra, 81% to hit)
You shoot an arrow.
The arrow closely misses the orc warlord.
The orc knight completely misses you.
The orc knight hits you from afar with a +3 bardiche of venom!!!
Ouch! That really hurt!
You emit a cloud of dark smoke.
You are lethally poisoned!
The orc warlord completely misses you.
You climb upwards.
* * * LOW HITPOINT WARNING * * *
You feel extremely sick.
There is a stone staircase leading down here.
* * * LOW HITPOINT WARNING * * *
You feel very sick.
The orc warlord hits you from afar with a +0 halberd!
You die...

#### ##..## .#.### #...#
.....## ##...##
......####.....#####
...#...#.........#.##
....#.#.............##
.....#............##.##
............#.#....##.##
............###.@......#
...###.......#.#>......#
...#∩'......#...o....#.#
...###......#..[.....###
........).....[.....##
3.....#.............#
....##...#.........##
((...##.#[........##
((((.####[.......##


You could see an orc warlord (unable to see you).

Vanquished Creatures
  An orc warlord (Bailey)
  A boulder beetle (D:11)
  4 death yaks
  An orc high priest (Orc:1)
  4 orc knights
  An orc sorcerer (Orc:1)
  Maggie (D:8)
  Psyche (D:8)
  A kobold demonologist (D:9)
  3 trolls
  A hornet (D:11)
  12 yaks
  A shadow (D:9)
  3 wraiths
  3 wyverns
  3 vampire mosquitoes
  5 wargs
  3 ice beasts
  4 black bears
  14 orc warriors
  A sky beast (D:6)
  3 ogres
  A centaur (D:8)
  2 phantoms (D:6)
  A bullfrog (D:7)
  2 kobold brigands
  2 gnoll sergeants
  6 scorpions
  9 wights
  5 killer bees (D:11)
  3 howler monkeys
  6 hounds
  3 jellies
  4 orc priests
  A sleepcap (D:6)
  An iguana (D:7)
  7 orc wizards
  11 gnolls
  3 adders
  2 shadow imps
  A white imp (D:8)
  3 worms
  3 dart slugs
  59 orcs
  7 bats
  7 endoplasms
  2 giant cockroaches
  7 goblins
  7 hobgoblins
  2 jackals (D:3)
  4 quokkas
  5 ball pythons
  2 frilled lizards
  26 kobolds
  3 rats
278 creatures vanquished.

Vanquished Creatures (collateral kills)
  A gnoll (D:10)
1 creature vanquished.

Grand Total: 279 creatures vanquished

Notes
Turn   | Place    | Note
-------+----------+-------------------------------------------
     0 | D:1      | anacleto the Spriggan Hunter began the quest for the Orb.
     0 | D:1      | Reached XP level 1. HP: 10/10 MP: 2/2
   141 | D:1      | Found Oroh's Magic Scroll Shoppe.
   191 | D:1      | Reached XP level 2. HP: 12/14 MP: 3/3
   631 | D:1      | Found a faded altar of an unknown god.
  1072 | D:2      | Found a shimmering blue altar of Sif Muna.
  1172 | D:2      | Reached skill level 5 in Ranged Weapons
  1172 | D:2      | Reached XP level 3. HP: 18/18 MP: 4/4
  1666 | D:3      | You fall into a shaft and drop 3 floors!
  1675 | D:6      | Reached XP level 4. HP: 22/22 MP: 5/5
  1718 | D:6      | Noticed an ogre
  1725 | D:6      | Killed an ogre
  1726 | D:6      | Reached skill level 6 in Ranged Weapons
  1726 | D:6      | Reached XP level 5. HP: 25/25 MP: 6/6
  1747 | D:6      | Noticed an ice beast
  1808 | D:6      | Killed an ice beast
  1882 | D:6      | Reached XP level 6. HP: 30/30 MP: 7/7
  1935 | D:6      | Noticed an orc warrior
  1940 | D:6      | Reached skill level 7 in Ranged Weapons
  2017 | D:6      | Killed an orc warrior
  2256 | D:6      | Reached XP level 7. HP: 35/35 MP: 8/8
  2470 | D:5      | Entered Level 5 of the Dungeon
  2547 | D:3      | Found a transporter.
  2549 | D:3      | Noticed chicagocrazy's ghost (amateur KoBr)
  2549 | D:3      | Identified the +1 great mace of Dismay {drain, Str+5}
  2788 | D:3      | Found a shimmering blue altar of Sif Muna.
  3166 | D:3      | Found a transporter.
  3628 | D:4      | Reached skill level 8 in Ranged Weapons
  3628 | D:4      | Reached skill level 5 in Dodging
  3628 | D:4      | Reached skill level 5 in Stealth
  3845 | D:5      | Reached XP level 8. HP: 40/40 MP: 9/9
  4323 | D:1      | Bought a scroll of brand weapon for 114 gold pieces
  4498 | D:5      | Found Tokhloesext's Tremendous Tomes.
  4687 | D:6      | Found a staircase to the Ecumenical Temple.
  4815 | D:6      | Reached skill level 9 in Ranged Weapons
  5126 | Temple   | Entered the Ecumenical Temple
  5191 | Temple   | Became a worshipper of Dithmenos the Shadowed
  5322 | D:6      | Reached skill level 10 in Ranged Weapons
  5800 | D:1      | Bought a scroll of enchant weapon for 90 gold pieces
  6027 | D:6      | Reached XP level 9. HP: 45/45 MP: 10/10
  6358 | D:7      | Found a runed translucent gate.
  6359 | D:7      | Found a runed translucent gate.
  6360 | D:7      | Found a runed translucent gate.
  6361 | D:7      | Noticed middlethird's ghost (novice VSEE)
  6469 | D:7      | Found a bloodstained altar of Trog.
  6493 | D:7      | Identified the +4 leather armour of the Other Side {Regen+}
  6894 | D:7      | Reached skill level 11 in Ranged Weapons
  7193 | D:8      | Found an ornate altar of the Wu Jian Council.
  7203 | D:8      | Found a radiant altar of Vehumet.
  7206 | D:8      | Found an opulent altar of Gozag.
  7319 | D:8      | Reached * piety under Dithmenos
  7354 | D:8      | Noticed Psyche
  7383 | D:8      | Killed Psyche
  7468 | D:8      | Noticed Maggie
  7479 | D:8      | Killed Maggie
  7480 | D:8      | Reached skill level 12 in Ranged Weapons
  7774 | D:9      | Noticed a troll
  7792 | D:9      | Killed a troll
  8026 | D:9      | Reached skill level 13 in Ranged Weapons
  8026 | D:9      | Reached XP level 10. HP: 49/49 MP: 11/11
  8146 | D:9      | Found a blossoming altar of Fedhas.
  8273 | D:9      | Found a staircase to the Orcish Mines.
  8529 | D:9      | Reached skill level 14 in Ranged Weapons
  8743 | D:10     | Entered Level 10 of the Dungeon
  8743 | D:10     | Found an iron altar of Okawaru.
  9073 | D:10     | Found a staircase to the Lair.
  9073 | D:10     | Noticed a death yak
  9073 | D:10     | Noticed a death yak
  9074 | D:10     | Noticed a death yak
  9074 | D:10     | Noticed a death yak
  9129 | D:10     | Noticed a death yak
  9133 | D:10     | Noticed a death yak
  9167 | D:10     | Killed a death yak
  9168 | D:10     | Reached skill level 15 in Ranged Weapons
  9203 | D:9      | Killed a death yak
  9279 | D:9      | Killed a death yak
  9279 | D:9      | Reached ** piety under Dithmenos
  9280 | D:9      | Reached XP level 11. HP: 53/53 MP: 12/12
  9316 | D:9      | Killed a death yak
  9493 | D:10     | Reached skill level 16 in Ranged Weapons
  9501 | D:10     | Found a flagged portal.
  9510 | Bailey   | Entered a bailey
  9548 | Bailey   | Noticed an orc warlord
  9601 | Bailey   | Noticed an orc knight
  9625 | Bailey   | Killed an orc knight
  9703 | Bailey   | Noticed an orc knight
  9743 | Bailey   | Killed an orc knight
  9795 | Bailey   | Found a runed translucent gate.
  9796 | Bailey   | Found a runed translucent gate.
  9797 | Bailey   | Found a runed translucent gate.
  9872 | Bailey   | Killed an orc warlord
  9900 | Bailey   | Identified the +7 war axe "Laocla" {venom, rC+ Int+3}
  9914 | Bailey   | Reached skill level 17 in Ranged Weapons
  9914 | Bailey   | Reached XP level 12. HP: 58/58 MP: 13/13
 10005 | D:10     | Reached *** piety under Dithmenos
 10358 | D:1      | Bought a scroll of enchant armour for 90 gold pieces
 10358 | D:1      | Bought a scroll of teleportation for 36 gold pieces
 10358 | D:1      | Bought a scroll of enchant armour for 90 gold pieces
 10358 | D:1      | Bought a scroll of enchant armour for 90 gold pieces
 10358 | D:1      | Bought a scroll of blinking for 90 gold pieces
 10655 | D:10     | Found a stormy altar of Qazlal.
 10815 | D:11     | Noticed a boulder beetle
 10868 | D:11     | Killed a boulder beetle
 10869 | D:11     | Reached skill level 1 in Invocations
 11269 | D:11     | Noticed a boulder beetle
 12003 | Orc:1    | Entered Level 1 of the Orcish Mines
 12335 | Orc:1    | Found Haxygg's Antique Armour Shop.
 12395 | Orc:1    | Reached **** piety under Dithmenos
 12688 | Orc:2    | Entered Level 2 of the Orcish Mines
 12688 | Orc:2    | Noticed an orc high priest
 12688 | Orc:2    | Noticed an orc warlord
 12688 | Orc:2    | Found Qargha Mygiri's Antique Armour Emporium.
 12827 | Orc:1    | Reached skill level 18 in Ranged Weapons
 13223 | Orc:1    | Killed an orc high priest
 13334 | Orc:1    | HP: 1/58 [poisoned by an orc knight]
 13334 | Orc:1    | Mangled by an orc warlord

Illustrated notes

Levels and vault maps discovered:
D:1:      dpeg_arrival_ternary, layout_loops_ring,
          hellmonk_ecumenical_altar_zigzags, serial_shops, shop
D:2:      layout_basic, basic_altar, st_stairs_14
D:3:      layout_basic, nicolae_overflow_crystal_walls, gammafunk_ghost_smash
D:4:      layout_rooms
D:5:      layout_cave_pools, hangedman_decor_slide_cut,
          nicolae_shop_i_like_big_books
D:6:      layout_gridville, minmay_temple_entry_fiery
D:7:      layout_loops_ring, trog_butcher_becter, serial_glass, glass_columns_a,
          glass_columns_c, glass_columns_c, glass_columns_a,
          ebering_ghost_rock_garden
D:8:      layout_cave_pools, mainiacjoe_overflow_large_starburst,
          nzn_wu_jian_contemplation, uniq_maggie, uniq_psyche
D:9:      layout_roguey, fedhas_altar_2, orc_0_dummy, kennysheep_generic_room_9
D:10:     layout_roguey [special_room_orc], amcnicky_altar_gilded,
          nicolae_qazlal_eye_of_the_storm, dpeg_lair_monsters, enter_bailey_2
D:11:     layout_irregular_city, eino_jars
Temple:   nicolae_temple_ecumenical_triangle
Orc:1:    layout_diamond_mine, serial_shops, nicolae_shop_window_shopping,
          nicolae_orc_rockfall, uniq_erolcha, uniq_nergalle, uniq_maurice
Orc:2:    grunt_orc_gardens, layout_caves, grunt_orc_garden, grunt_orc_garden,
          grunt_orc_garden, grunt_orc_garden, gammafunk_ghost_fury_of_okawaru,
          basic_altar, minmay_orc_temple_a

Skill      XL: |  1  2  3  4  5  6  7  8  9 10 11 12 |
---------------+-------------------------------------+-----
Ranged Weapons | 5 6 7 8 10 13 15 17 18 | 18.1
Dodging        | 3 4 5 6 7 |  7.4
Stealth        | 2 4 5 6 11 12 | 12.4
Fighting       | 2 3 4 |  4.6
Invocations    | 2 |  2.8

Action                     |  1- 3 |  4- 6 |  7- 9 | 10-12 || total
---------------------------+-------+-------+-------+-------++-------
  Melee: Dagger            |     2 |       |       |       ||     2
   Fire: Shortbow          |    65 |    72 |   371 |   453 ||   961
  Evoke: Wand              |       |       |       |     4 ||     4
         Lightning rod     |       |       |       |     4 ||     4
         Condenser vane    |       |       |       |     1 ||     1
    Use: Scroll            |       |     1 |     4 |    10 ||    15
         Potion            |       |       |       |     3 ||     3
 Armour: Robe              |     3 |       |     5 |       ||     8
         Steam dragon scal |       |       |       |    19 ||    19
  Dodge: Dodged            |     8 |    12 |    94 |   114 ||   228
